Map: Lightshade LE

Players

IIIIIIIIIIII

  • Race: Protoss Protoss
  • League: Master
  • Spawn Location: 11:00

monkaSniper - Winner!

  • Race: Zerg Zerg
  • League: Master
  • Spawn Location: 5:00

VOD

Have the link to the VOD?

Description

Time

  • Played on: Nov. 8, 2020, 2:06 a.m.
  • Length: 4:32
Show
View Real Time Build Order
Export as new Build Order

IIIIIIIIIIII Protoss 

Build Orders: 1 Gate Expand 

Get SALT Encoding   

  12  0:00  Probe  
  13  0:12  Probe  
  14  0:19  Pylon  
  14  0:24  Probe  
  15  0:38  Probe (Chrono Boost)  
  15  0:39  Gateway  
  16  0:49  Probe (Chrono Boost), Assimilator  
  17  0:54  Probe (Chrono Boost)  
  19  1:04  Probe  
  19  1:27  Zealot (Chrono Boost)  
  19  1:28  Cybernetics Core  
  21  1:34  Pylon  
  21  1:38  Nexus  
  21  1:41  Probe  
  22  1:48  Pylon  
  22  2:00  Gateway  
  22  2:06  Probe  
  23  2:10  Stalker (Chrono Boost)  
  23  2:13  Warp Gate  
  25  2:18  Probe  
  26  2:29  Assimilator  
  26  2:31  Probe  
  27  2:43  Probe  
  28  2:55  Probe  
  29  3:07  Probe  
  29  3:09  Gateway  
  29  3:14  Probe (Chrono Boost)  
  30  3:20  Probe (Chrono Boost)  
  30  3:26  Probe (Chrono Boost)  
  32  3:32  Twilight Council  
  32  3:42  Stalker (Chrono Boost)  
  24  4:06  Stalker  
  13  4:17  Stalker  
Show
View Real Time Build Order
Export as new Build Order

monkaSniper Zerg - Winner!

Build Orders: Pool First 

Get SALT Encoding   

  12  0:00  Drone  
  13  0:12  Overlord  
  13  0:27  Drone  
  14  0:31  Drone  
  15  0:36  Drone  
  15  0:42  Spawning Pool  
  15  0:43  Extractor  
  15  0:48  Drone  
  15  0:57  Drone  
  16  1:11  Drone  
  17  1:30  Hatchery  
  17  1:31  Zergling x2  
  17  1:32  Zergling x2  
  18  1:42  Zergling x2  
  18  1:43  Extractor  
  18  1:46  Lair  
  18  1:51  Zergling x2  
  19  2:08  Zergling x2  
  20  2:16  Zergling x2  
  21  2:29  Overlord  
  21  2:31  Metabolic Boost  
  21  2:41  Zergling x2  
  21  2:45  Zergling x2  
  21  2:46  Zergling x2  
  21  2:51  Nydus Network  
  19  2:58  Zergling x2  
  20  3:12  Zergling x2  
  20  3:13  Zergling x4  
  22  3:20  Zergling x4  
  24  3:31  Nydus Canal  
  24  3:40  Zergling x8  
  28  3:52  Nydus Canal  
  28  3:55  Zergling x2  
  28  3:56  Zergling x2  
  28  4:01  Zergling x2  
  27  4:06  Zergling x2  
  27  4:09  Zergling x2  
  28  4:15  Zergling x2  
Tags
 
Add a new tag
Caveats
  • Supply blocks, unpowered buildings, or Contaminate may cause inaccurate times.
  • Supply counts are checked every 10 seconds.